 Dungeon Crawl Stone Soup version 0.17-a0-1442-g10bb59b (console) character file.

103 Fusha the Sneak (level 4, -1/22 HPs)
             Began as a Spriggan Assassin on June 27, 2015.
             Slain by Natasha (8 damage)
             ... on level 2 of the Dungeon.
             The game lasted 00:05:13 (1841 turns).

Fusha the Sneak (Spriggan Assassin)                 Turns: 1841, Time: 00:05:13

Health: -1/22      AC:  3    Str:  7    XL:     4   Next: 51%
Magic:  5/5        EV: 19    Int: 12    God:
Gold:   78         SH:  0    Dex: 18    Spells: 0 memorised, 3 levels left

rFire  . . .     SeeInvis +     a - +2 dagger
rCold  . . .     Clarity  .     c - +0 robe
rNeg   . . .     SustAt   .     (shield restricted)
rPois  .         Gourm    .     (helmet restricted)
rElec  .         Spirit   .     r - +0 cloak
rCorr  .         Warding  .     (gloves unavailable)
rMut   .         Stasis   .     (boots unavailable)
MR     .....                    (no amulet)
Stlth  ++++......               (no ring)
                                (no ring)

@: very quick, not resistant to hostile enchantments, stealthy
A: unfitting armour, see invisible, herbivore 3, speed 3, slow metabolism 2
a: no special abilities


You were on level 2 of the Dungeon.
You were not hungry.

You visited 1 branch of the dungeon, and saw 2 of its levels.

You collected 78 gold pieces.

Inventory:

Hand weapons
 a - a +2 dagger (weapon)
 b - a +0 blowgun
Missiles
 f - 2 curare-tipped needles
 h - 8 needles of paralysis
 l - 2 throwing nets (quivered)
 q - 8 poisoned needles
Armour
 c - a +0 robe (worn)
 d - a +0 cloak
 r - a +0 cloak (worn)
Scrolls
 e - 3 scrolls of identify {unknown}
 i - a scroll of immolation {unknown}
 n - a scroll of remove curse {unknown}
 o - a scroll of fear {unknown}
 t - a scroll of teleportation {unknown}
 u - a scroll of recharging {unknown}
Potions
 j - a potion of curing {unknown}
 k - a potion of magic {unknown}
 m - a potion of flight {unknown}
 p - a potion of beneficial mutation {unknown}
 s - a potion of lignification {unknown}
Comestibles
 g - a bread ration


   Skills:
 - Level 1.5 Fighting
 * Level 4.1 Short Blades
 - Level 2.1 Throwing
 + Level 3.3 Dodging
 + Level 6.7 Stealth


You had 3 spell levels left.
You didn't know any spells.

Dungeon Overview and Level Annotations

Branches:
Dungeon (2/15)

Altars:
Nemelex Xobeh

Annotations:
D:2 Natasha


Innate Abilities, Weirdness & Mutations

You are tiny and cannot use many weapons and most armour.
You have supernaturally acute eyesight.
You are a herbivore.
You cover ground extremely quickly.
You need consume almost no food.


Message History

Natasha casts a spell at you. The magic dart hits you!
Natasha stares at you and mumbles some strange words.
The magic dart hits you!
You hit Natasha.
Natasha is moderately wounded.
Natasha stares at you and mumbles some strange words.
The magic dart hits you!
You barely miss Natasha.
Natasha is moderately wounded.
Natasha stares at thin air and mumbles some strange words.
A cloud of flames roars to life!
Drink which item? (? for menu, Esc to quit)
Okay, then.
You hit Natasha.
Natasha is severely wounded.
Natasha casts a spell.
Suddenly you are surrounded with a pale green light.
Natasha claws you!
You die...

########## #........# #.######.#
### #.# #.# #.. #.# #.# #.#
######### ###.######.# #.#
........#######h@[.....#.######.#
........†....................).>#
#######..#####..#.####.#.########
##)## #..#§# #.#.# # #..# #..#.#
#.#.# # ##.# #..#.# #.#.########
##.####..#.# #.#.........
#........#.# #.##########
#..###...#.# #....#


You could see Natasha.

Vanquished Creatures
  Natasha (D:2)
  3 adders (D:2)
  An ooze (D:1)
  3 worms (D:2)
  A giant cockroach (D:1)
  6 goblins
  2 hobgoblins
  4 jackals (D:2)
  A quokka (D:2)
  A ball python (D:2)
  5 bats
  3 giant newts (D:1)
  5 kobolds
  2 rats (D:1)
38 creatures vanquished.

Notes
Turn   | Place    | Note
--------------------------------------------------------------
     0 | D:1      | Fusha the Spriggan Assassin began the quest for the Orb.
     0 | D:1      | Reached XP level 1. HP: 10/10 MP: 2/2
   118 | D:1      | Reached skill level 6 in Stealth
   129 | D:1      | Reached XP level 2. HP: 14/14 MP: 3/3
   814 | D:2      | Reached XP level 3. HP: 18/18 MP: 4/4
   818 | D:2      | Found a sparkling altar of Nemelex Xobeh.
  1257 | D:2      | Reached XP level 4. HP: 12/22 MP: 5/5
  1568 | D:2      | Noticed Natasha
  1582 | D:2      | Killed Natasha
  1832 | D:2      | Noticed Natasha
  1841 | D:2      | Slain by Natasha

Vault maps used:
D:1:      sevenhm_arrival_forest_fort_small_3, minmay_fountain_box
D:2:      nemelex_xobeh_ov_fountains_minmay, uniq_natasha

Action                   |  1- 3 |  4- 6 || total
-------------------------+-------+-------++-------
Melee: Dagger            |    86 |    37 ||   123
 Fire: Blowgun           |     8 |       ||     8
 Stab: Sleeping          |    13 |     1 ||    14
